 Dungeon Crawl Stone Soup version 0.20-a0-433-g9e36e56 (webtiles) character file.

547505 junb69 the Sorcerer (level 24, -6/228 HPs)
             Began as a White Draconian Ice Elementalist on Dec 29, 2016.
             Was the Champion of Ashenzari.
             Mangled by a spriggan rider
             ... wielding a +0 spear
             ... led by a spriggan defender
              (13 damage)
             ... while paralysed by a floating eye
             ... on level 3 of the Depths on Jan 3, 2017.
             The game lasted 04:38:02 (104643 turns).

junb69 the Sorcerer (DrIE)                        Turns: 104643, Time: 04:38:03

Health: -6/228     AC: 19    Str: 12    XL:     24   Next: 94%
Magic:  24/49      EV:  2    Int: 30    God:    Ashenzari [******]
Gold:   1468       SH:  0    Dex: 19    Spells: 15/67 levels left

rFire  + + +     SeeInvis +     V - +3 eveningstar (freeze) (curse)
rCold  + + +     Gourm    .     (armour unavailable)
rNeg   + + .     Faith    .     O - +1 buckler {rN+} (curse)
rPois  +         Spirit   .     f - -2 hat of the Alchemist {rElec rPois rF+ rC+ rN+ MR+ rMut rCorr} (curse)
rElec  +         Reflect  +     x - +2 cloak (curse)
rCorr  +         Harm     .     w - +2 pair of gloves (curse)
rMut   +         Clarity  +     s - +2 pair of boots (curse)
MR     ++...                    m - +3 amulet of reflection (curse)
Stlth  ++........               a - ring "Uhusch" {rPois Int+3 Dex+4 Stlth-} (curse)
                                N - ring "Kyde" {rF+ rC++ SInv Stlth+} (curse)

@: paralysed, contaminated, glowing, studying Ice Magic, deflect missiles
A: breathe frost, unfitting armour, agile 1, cold resistance 1, fire resistance
1, strong 1, cold-blooded, AC +12
}: 3/15 runes: decaying, silver, gossamer
a: Breathe Frost, Curse Item, Scrying, Transfer Knowledge, Renounce Religion


You were on level 3 of the Depths.
You worshipped Ashenzari.
Ashenzari was exalted by your worship.
You were not hungry.

You visited 9 branches of the dungeon, and saw 43 of its levels.
You visited the Abyss 1 time.
You also visited: Ice Cave.

You collected 5321 gold pieces.
You spent 3853 gold pieces at shops.

Inventory:

Hand Weapons
 V - a cursed +3 eveningstar of freezing (weapon)
Armour
 f - the cursed -2 hat of the Alchemist (worn) {rElec rPois rF+ rC+ rN+ MR+ rMut rCorr}
   (You bought it in a shop on level 2 of the Orcish Mines)

   It protects you from fire.
   It protects you from cold.
   It insulates you from electricity.
   It protects you from poison.
   It protects you from negative energy.
   It affects your resistance to hostile enchantments.
   It protects you from acid and corrosion.
   It protects you from mutation.
   It has a curse placed upon it.
 s - a cursed +2 pair of boots (worn)
 w - a cursed +2 pair of gloves (worn)
 x - a cursed +2 cloak (worn)
 O - a cursed +1 buckler of positive energy (worn)
Magical Staves
 Z - an uncursed staff of power
Jewellery
 a - the cursed ring "Uhusch" (right hand) {rPois Int+3 Dex+4 Stlth-}
   (You took it off a deep elf high priest on level 3 of the Elven Halls)

   [ring of intelligence]

   It affects your intelligence (+3).
   It affects your dexterity (+4).
   It protects you from poison.
   It makes you less stealthy.
   It has a curse placed upon it.
 m - a cursed +3 amulet of reflection (around neck)
 y - the ring "Wehocen" {+Fly Slay+5}
   (You took it off a deep elf archer on level 3 of the Elven Halls)

   [ring of flight]

   It affects your accuracy and damage with ranged weapons and melee attacks
   (+5).
   It lets you fly.
 N - the cursed ring "Kyde" (left hand) {rF+ rC++ SInv Stlth+}
   (You found it on level 3 of the Lair of Beasts)

   [ring of see invisible]

   It protects you from fire.
   It greatly protects you from cold.
   It lets you see invisible.
   It makes you more stealthy.
   It has a curse placed upon it.
 P - the ring "Xonod" {rN+ AC+3 Str+2 Dex+4}
   (You bought it in a shop on level 1 of the Depths)

   [ring of protection]

   It affects your AC (+3).
   It affects your strength (+2).
   It affects your dexterity (+4).
   It protects you from negative energy.
Wands
 F - a wand of digging (9/24)
 K - a wand of disintegration (13/24)
Scrolls
 d - 12 scrolls of teleportation
 e - 4 scrolls of remove curse
 h - 7 scrolls of amnesia
 i - 5 scrolls of magic mapping
 j - 7 scrolls of fog
 r - 5 scrolls of fear
 v - 8 scrolls of recharging
 z - 15 scrolls of identify
 C - 8 scrolls of immolation
 D - 5 scrolls of blinking
 G - 3 scrolls of enchant armour
 H - a scroll of silence
 S - a scroll of summoning
 T - 2 scrolls of holy word
 W - 3 scrolls of vulnerability
Potions
 c - 5 potions of haste
 g - 5 potions of flight
 l - 4 potions of might
 n - 20 potions of curing
 o - 3 potions of cure mutation
 p - 5 potions of berserk rage
 t - 9 potions of brilliance
 u - 3 potions of resistance
 A - 6 potions of agility
 E - 3 potions of invisibility
 L - 11 potions of heal wounds
Books
 Q - a manual of Ice Magic
 R - a manual of Ice Magic
Miscellaneous
 M - 3 phantom mirrors
Comestibles
 b - 10 bread rations
 q - 5 fruits
 B - 8 meat rations
 Y - 2 beef jerkies


   Skills:
 * Level 21.1 Fighting
 - Level 12.0(16.1) Maces & Flails
 * Level 16.2(20.1) Dodging
 - Level 4.3(8.6) Stealth
 - Level 2.6(5.1) Shields
 * Level 22.4 Spellcasting
 - Level 6.9(11.4) Conjurations
 - Level 5.0(9.4) Charms
 - Level 14.2(18.3) Ice Magic
 - Level 19.3(22.9) Air Magic


You had 15 spell levels left.
You knew the following spells:

 Your Spells              Type           Power        Failure   Level  Hunger
a - Freeze                Ice            ####         0%          1    None
b - Ozocubu's Armour      Chrm/Ice       #######.     0%          3    None
c - Throw Icicle          Conj/Ice       #######.     1%          4    None
d - Iskenderun's Battles  Conj/Chrm      #######.     1%          5    None
e - Magic Dart            Conj           ####         0%          1    None
f - Freezing Cloud        Conj/Ice/Air   #######...   1%          6    None
g - Deflect Missiles      Chrm/Air       #######...   1%          6    None
h - Regeneration          Chrm/Necr      ######....   1%          3    None
i - Controlled Blink      Tloc           N/A          100%        8    ####...
j - Tornado               Air            ########..   12%         9    ######.
k - Conjure Ball Lightni  Conj/Air       #######...   1%          6    None


Dungeon Overview and Level Annotations

Branches:
Dungeon (15/15)            Temple (1/1) D:5            Lair (6/6) D:10
  Swamp (4/4) Lair:4       Spider (4/4) Lair:4        Slime (0/5) Lair:6
    Orc (2/2) D:10            Elf (3/3) Orc:2        Vaults (5/5) D:13
  Crypt (0/3) Vaults:3     Depths (3/5) D:15

Altars:
Ashenzari
Cheibriados
Dithmenos
Elyvilon
Fedhas
Gozag
Hepliaklqana
Kikubaaqudgha
Makhleb
Nemelex Xobeh
Okawaru
Qazlal
Ru
Sif Muna
Trog
Uskayaw
Vehumet
Xom
Yredelemnul
Zin
The Shining One
Jiyva

Shops:
D:4 *   D:11 :   D:12 *   Orc:2 [!*?=   Elf:1 *   Elf:3 *   Vaults:1 :
Vaults:2 }   Vaults:4 ?!=   Vaults:5 (   Depths:1 *(*:?[

Portals:
Hell: Depths:1 Depths:2
Abyss: Depths:2

Annotations:
D:4 exclusion: phantom
D:7 exclusion: downstairs
D:12 Snorg
Lair:2 exclusion: 3 oklob plants
Elf:3 Roxanne


Innate Abilities, Weirdness & Mutations

You can breathe waves of freezing cold.
You can buffet flying creatures when you breathe cold.
Your icy white scales are hard. (AC +12)
You cannot fit into any form of body armour.
Your flesh is cold resistant. (rC+)
You are cold-blooded and may be slowed by cold attacks.
You are agile. (Dex +2)
Your flesh is heat resistant. (rF+)
Your muscles are strong. (Str +2)


Message History

The spriggan berserker hits you with a war axe!!
* * * LOW HITPOINT WARNING * * *
The spriggan rider hits you but does no damage.
The hog bites you.
* * * LOW HITPOINT WARNING * * *
The spriggan defender hits you with a demon whip of pain!
* * * LOW HITPOINT WARNING * * *
The spriggan berserker hits you with a rapier.
* * * LOW HITPOINT WARNING * * *
The spriggan rider hits you from afar with a spear!!
* * * LOW HITPOINT WARNING * * *
The spriggan defender hits you but does no damage.
The spriggan berserker hits you but does no damage.
The spriggan rider hits you from afar with a spear of flaming!
* * * LOW HITPOINT WARNING * * *
The spriggan rider burns you.
* * * LOW HITPOINT WARNING * * *
The spriggan defender hits you but does no damage.
The spriggan rider hits you from afar with a spear!
You die...

, , ,* , ,** ***
** **,, ,
*##.....## ,* , *,
,, ##.......##,*
,,, *
***##.........##,
,*** ,,*
##...........##*,*
* ,*
#.............#*,
* ..?...i........
** **
*,......iGh...)..
, +
.8.8..i@i..8.8. ,
*
*,...%.i.ii......
* ,,* *
.....i.i.......**
,,
*#.............#*
, ##...........##
> ,* ##.........##
** *** ##.......##
##..R..## *, *


You could see 2 spriggan defenders, a rakshasa, 4 spriggan riders, 3 spriggan
berserkers, a hog and a floating eye.

Vanquished Creatures
  Mara (Depths:2)
  An ancient lich (Vaults:5)
  Bai Suzhen (Elf:3)
  Margery (Vaults:4)
  Nikola (Elf:2)
  5 golden dragons (Vaults:5)
  Jorgrun (Elf:3)
  3 liches
  2 tentacled monstrosities
  Asterion (Spider:2)
  A quicksilver dragon (Vaults:5)
  3 titans (Vaults:5)
  3 deep elf blademasters
  3 deep elf master archers (Elf:3)
  4 sphinxes
  5 thorn hunters
  Frances (Spider:2)
  A shadow dragon (Depths:1)
  3 tengu reavers
  3 storm dragons
  An iron dragon (Vaults:5)
  4 frost giants
  2 orc warlords (Depths:2)
  13 fire giants
  4 ghost moths
  11 deep elf sorcerers
  13 vault wardens
  5 deep elf elementalists
  22 ironheart preservers
  7 emperor scorpions
  19 very ugly things
  4 vampire knights (Depths:1)
  14 stone giants
  7 deep elf demonologists
  5 entropy weavers
  10 deep elf annihilators
  Azrael (Spider:2)
  A spark wasp (Spider:4)
  10 ettins
  10 deep elf death magi
  2 green deaths (Swamp:4)
  3 fire dragons
  4 rakshasas
  9 deep elf high priests
  29 vault guards
  14 yaktaur captains
  9 ice dragons
  2 great orbs of eyes (Depths:2)
  20 hydras
  A hell beast (Depths:1)
  4 ghost crabs
  10 centaur warriors
  3 catoblepae (Lair:6)
  10 death knights
  35 two-headed ogres
  19 alligators
  34 dancing weapons
  5 deep troll shamans
  3 thrashing horrors
  A queen ant (Spider:4)
  8 ogre magi
  5 orc high priests (Orc:2)
  A tengu warrior (Depths:1)
  16 death yaks
  Urug (Lair:3)
  10 deep troll earth magi
  2 soul eaters
  29 deep elf knights
  3 hell knights
  4 iron trolls
  3 shadow wraiths
  2 storm dragon zombies
  10 skeletal warriors
  A golden dragon zombie (Depths:1)
  A death drake (shapeshifter) (Depths:2)
  A glowing orange brain (shapeshifter) (D:15)
  5 unseen horrors
  A spriggan druid (Swamp:4)
  A glowing orange brain (D:15)
  33 deep elf archers
  5 wizards
  3 phantasmal warriors
  5 shambling mangroves
  4 flayed ghosts
  14 orc knights
  46 deep trolls
  A harpy (Vaults:2)
  6 swamp dragons
  9 necromancers
  An orb spider (shapeshifter) (Depths:1)
  19 ironbrand convokers
  An iron dragon zombie (Depths:1)
  19 orb spiders
  63 ugly things
  95 deep elf magi
  A wolf spider zombie (D:15)
  2 oklob plants (Lair:4)
  An orc sorcerer (Orc:2)
  A shadow dragon skeleton (Vaults:3)
  8 cyclopes
  35 wolf spiders
  4 manticores
  7 moths of wrath
  2 salamanders (shapeshifter) (D:15)
  16 vault sentinels
  A frost giant skeleton (Depths:1)
  7 centaur zombies
  6 black mambas
  A human skeleton (Vaults:4)
  A shock serpent zombie (Abyss:3)
  3 elephants (Lair:5)
  A torpor snail (shapeshifter) (Depths:1)
  An ice statue (IceCv)
  An eye of devastation (shapeshifter) (Vaults:5)
  2 torpor snails
  A yaktaur zombie (Vaults:3)
  6 kobold demonologists
  A spiny frog (shapeshifter) (Vaults:4)
  58 yaktaurs
  2 orange demons (Swamp:4)
  22 spiny frogs
  6 rime drakes
  31 freezing wraiths
  An efreet (D:14)
  A yaktaur (shapeshifter) (Vaults:3)
  An entropy weaver simulacrum (Vaults:2)
  2 ancient zymes (Abyss:3)
  13 komodo dragons
  15 demonic crawlers
  2 tengu conjurers
  6 tyrant leeches
  A jumping spider (shapeshifter) (Vaults:2)
  A queen bee (shapeshifter) (Vaults:5)
  23 hornets
  2 meliai (shapeshifter)
  A polar bear (Lair:6)
  8 trolls
  A troll (shapeshifter) (Vaults:3)
  45 jumping spiders
  A merfolk (shapeshifter) (D:15)
  58 slime creatures
  2 blink frogs (shapeshifter)
  A raiju (Abyss:3)
  2 spriggan zombies (Depths:1)
  A dream sheep (shapeshifter) (Elf:2)
  A tengu simulacrum (Vaults:4)
  13 blink frogs
  7 bog bodies
  8 hippogriffs
  3 large abominations
  63 redbacks
  4 air elementals
  A deep troll skeleton (Depths:1)
  8 shadows
  A human (shapeshifter) (D:15)
  3 water elementals
  A small abomination (Abyss:3)
  4 spriggans
  30 tarantellas
  2 vampires
  5 fire elementals
  56 yaks
  A fire bat (shapeshifter) (D:15)
  4 wyverns
  6 wraiths
  Grum (D:8)
  3 basilisks
  A death yak simulacrum (IceCv)
  A basilisk (shapeshifter) (Vaults:5)
  A steam dragon (D:13)
  19 vampire mosquitoes
  4 hungry ghosts
  A neqoxec (Abyss:3)
  3 wargs
  A yaktaur simulacrum (Depths:1)
  31 insubstantial wisps
  2 acid dragons
  23 swamp worms
  22 soldier ants (Spider:4)
  13 water moccasins
  A tengu zombie (Depths:1)
  A soldier ant (shapeshifter) (Vaults:3)
  3 hell hounds
  3 sky beasts
  A floating eye (Depths:2)
  Duvessa (D:5)
  8 porcupines
  7 swamp drakes
  29 orc warriors
  3 black bears
  A hornet zombie (D:14)
  A necrophage (D:10)
  An eye of draining (D:14)
  22 ice beasts
  2 phantoms
  39 wolves
  33 ogres
  An elf skeleton (Vaults:2)
  26 centaurs
  A human zombie (Vaults:2)
  11 crocodiles
  3 big kobolds
  The ghost of anet the Magician, an amateur DEWz (D:3)
  15 bullfrogs
  5 earth elementals
  A glowing shapeshifter simulacrum (Vaults:2)
  3 wyvern zombies
  Dowan (D:5)
  9 scorpions
  6 wights
  An elf simulacrum (Vaults:4)
  13 killer bees
  6 howler monkeys
  3 electric eels
  9 crimson imps
  3 draconian simulacra (IceCv)
  3 bullfrog zombies
  5 hounds
  5 jellies
  5 bullfrog skeletons
  26 orc priests
  25 orc wizards
  8 centaur skeletons
  A gnoll shaman (D:10)
  4 iguanas
  33 worker ants
  5 yak simulacra (Lair:5)
  A polar bear simulacrum (Lair:5)
  6 troll simulacra (IceCv)
  A spriggan simulacrum (IceCv)
  4 wolf simulacra
  3 centaur simulacra (IceCv)
  A hound zombie (D:9)
  2 worker ant zombies
  5 gnolls (D:10)
  A howler monkey skeleton (D:7)
  13 adders
  2 naga simulacra (IceCv)
  5 ogre simulacra (IceCv)
  4 shadow imps
  12 white imps (IceCv)
  An ooze (D:1)
  An adder skeleton (D:5)
  2 adder zombies
  6 worms
  2 dart slugs
  4 leopard geckos
  65 orcs
  A ball python (D:3)
  7 bats
  7 giant cockroaches
  4 goblins
  5 hobgoblins
  18 jackals
  23 kobolds
  5 quokkas
  3 frilled lizards
  A jackal skeleton (D:7)
  3 rats
  4 river rat simulacra (Lair:5)
  A plant (Lair:6)
2232 creatures vanquished.

Vanquished Creatures (others)
  2 stone giants
  A deep elf death mage (Elf:2)
  2 yaktaur captains
  2 centaur warriors
  2 deep elf knights (Vaults:5)
  A shadow wraith (Depths:1)
  A skeletal warrior (Depths:1)
  A necromancer (Lair:5)
  A deep elf archer (Elf:2)
  48 ball lightnings
  2 vault sentinels
  14 yaktaurs
  A blink frog (shapeshifter) (Vaults:2)
  A slime creature (Swamp:1)
  A swamp worm (Swamp:4)
  2 centaurs (Vaults:1)
  An orc (Vaults:2)
  8 fungi
  5 plants
96 creatures vanquished.

Grand Total: 2328 creatures vanquished

Notes
Turn   | Place    | Note
-------+----------+-------------------------------------------
     0 | D:1      | junb69 the Draconian Ice Elementalist began the quest for the Orb.
     0 | D:1      | Reached XP level 1. HP: 14/14 MP: 3/3
   281 | D:1      | Reached XP level 2. HP: 20/20 MP: 0/5
   457 | D:1      | Found a sparkling altar of Nemelex Xobeh.
   750 | D:2      | Reached XP level 3. HP: 22/26 MP: 2/7
   906 | D:2      | Reached skill level 3 in Spellcasting
   930 | D:2      | Learned a level 3 spell: Ozocubu's Armour
  1885 | D:3      | Noticed anet's ghost (amateur DEWz)
  1905 | D:3      | Killed anet's ghost
  1905 | D:3      | Reached XP level 4. HP: 33/33 MP: 0/9
  1911 | D:3      | Learned a level 4 spell: Throw Icicle
  2078 | D:3      | Noticed a phantom
  2147 | D:3      | Reached XP level 5. HP: 37/38 MP: 7/10
  2752 | D:4      | Noticed a phantom
  3430 | D:4      | Found Roukhly's Assorted Antiques.
  3634 | D:4      | Bought a pair of boots for 108 gold pieces
  3682 | D:5      | Entered Level 5 of the Dungeon
  3707 | D:5      | Noticed an ice beast
  3749 | D:5      | Reached skill level 5 in Ice Magic
  3892 | D:5      | Found a staircase to the Ecumenical Temple.
  3900 | Temple   | Entered the Ecumenical Temple
  3954 | Temple   | Became a worshipper of Ashenzari the Shackled
  4001 | D:5      | Reached XP level 6. HP: 45/45 MP: 11/11
  4311 | D:5      | Reached skill level 4 in Spellcasting
  4328 | D:5      | Noticed Dowan
  4706 | D:5      | Noticed Duvessa
  4811 | D:6      | Noticed an ice beast
  4822 | D:6      | Killed an ice beast
  5284 | D:6      | Your scales start taking on an icy white colour.
  5284 | D:6      | Reached XP level 7. HP: 32/50 MP: 1/14
  5284 | D:6      | Gained mutation: Your flesh is cold resistant. (rC+) [White Draconian growth]
  5506 | D:6      | Reached skill level 5 in Spellcasting
  5902 | D:6      | Noticed a wyvern
  6660 | D:6      | Reached XP level 8. HP: 58/58 MP: 7/16
  6952 | D:5      | Reached skill level 1 in Fighting
  6952 | D:5      | Reached skill level 6 in Spellcasting
  7069 | D:5      | Killed Duvessa
  7080 | D:5      | Killed Dowan
  7672 | D:7      | Reached skill level 1 in Maces & Flails
  7774 | D:7      | Found a deep blue altar of Sif Muna.
  7929 | D:7      | Reached skill level 5 in Fighting
  8015 | D:7      | Reached XP level 9. HP: 50/74 MP: 19/19
  8548 | D:8      | Reached skill level 7 in Spellcasting
  8993 | D:8      | Reached * piety under Ashenzari
  9021 | D:8      | Learned a level 5 spell: Iskenderun's Battlesphere
  9023 | D:8      | Learned a level 1 spell: Magic Dart
  9368 | D:8      | Reached skill level 1 in Charms
  9381 | D:8      | Noticed Grum
  9392 | D:8      | Killed Grum
  9620 | D:8      | Reached skill level 5 in Conjurations
 10630 | D:9      | Noticed a two-headed ogre
 10637 | D:9      | Killed a two-headed ogre
 10637 | D:9      | Reached skill level 5 in Charms
 10637 | D:9      | Reached XP level 10. HP: 69/81 MP: 7/21
 10790 | D:9      | Identified the +5 spear of Coetot {freeze, rPois} (You took it off a crimson imp on level 9 of the Dungeon)
 11160 | D:9      | Reached skill level 8 in Spellcasting
 11769 | D:9      | Paralysed by a hornet for 1 turns
 11903 | D:10     | Entered Level 10 of the Dungeon
 12297 | D:10     | Found a staircase to the Orcish Mines.
 12323 | D:10     | Found a hazy altar of Hepliaklqana.
 12782 | D:10     | Reached skill level 9 in Spellcasting
 13120 | D:10     | Found a staircase to the Lair.
 13120 | D:10     | Noticed a death yak
 13242 | D:10     | Noticed a death yak
 13242 | D:10     | Noticed a death yak
 13242 | D:10     | Noticed a death yak
 13242 | D:10     | Noticed a death yak
 13242 | D:10     | Noticed a death yak
 13468 | D:10     | Reached ** piety under Ashenzari
 13490 | D:10     | Noticed a death yak
 14362 | Lair:1   | Entered Level 1 of the Lair of Beasts
 14369 | Lair:1   | Reached XP level 11. HP: 69/95 MP: 11/24
 15709 | Lair:1   | Reached skill level 10 in Fighting
 15993 | Lair:1   | Reached skill level 5 in Dodging
 16498 | Lair:1   | Learned a level 6 spell: Freezing Cloud
 16826 | Lair:2   | Noticed an oklob plant
 16826 | Lair:2   | Noticed an oklob plant
 16826 | Lair:2   | Noticed an oklob plant
 17303 | Lair:2   | Reached *** piety under Ashenzari
 18599 | Lair:3   | Identified the ring "Kyde" {rF+ rC++ SInv Stlth+}
 18740 | Lair:3   | Noticed Urug
 18764 | Lair:3   | Killed Urug
 18938 | Lair:3   | Reached skill level 10 in Spellcasting
 18938 | Lair:3   | Reached XP level 12. HP: 106/106 MP: 12/26
 19131 | Lair:3   | Reached **** piety under Ashenzari
 20103 | Lair:4   | Found a staircase to the Swamp.
 20745 | Lair:4   | Noticed a death yak
 20829 | Lair:4   | Noticed a death yak
 20902 | Lair:4   | Noticed a death yak
 20903 | Lair:4   | Noticed a death yak
 20904 | Lair:4   | Noticed a death yak
 21097 | Lair:4   | Found a hole to the Spider Nest.
 21571 | Lair:4   | Reached ***** piety under Ashenzari
 21676 | Lair:4   | Reached skill level 11 in Spellcasting
 22364 | D:11     | Found Rayzy's Book Emporium.
 22715 | D:11     | Noticed a two-headed ogre
 22724 | D:11     | Killed a two-headed ogre
 23680 | D:11     | Reached skill level 10 in Ice Magic
 23944 | D:11     | Upgraded the game from 0.20-a0-386-g2d247ea to 0.20-a0-390-g4892b34
 23992 | D:12     | Reached skill level 1 in Air Magic
 23992 | D:12     | Reached XP level 13. HP: 100/116 MP: 2/28
 24366 | D:12     | Identified the +3 quarterstaff of Eternal Harmony {freeze, MR++ Stlth-} (You took it off a centaur on level 12 of the Dungeon)
 24628 | D:12     | Reached skill level 12 in Spellcasting
 24641 | D:12     | Noticed Snorg
 24805 | D:12     | Found Natupp's Serpentskin Sales.
 25990 | D:13     | Found a frozen archway.
 26154 | IceCv    | Entered an ice cave
 27512 | IceCv    | Reached skill level 13 in Spellcasting
 27941 | IceCv    | Found an ancient bone altar of Kikubaaqudgha.
 29542 | IceCv    | Got the uncursed hat of Dogmatism {*Slow +Inv rN+ Str+4}
 29551 | IceCv    | Identified the +1 hat of Dogmatism {*Slow +Inv rN+ Str+4} (You found it in an ice cave)
 29580 | IceCv    | Learned a level 6 spell: Deflect Missiles
 29672 | D:13     | Identified the +3 hunting sling "Sott" {venom, rF++ rC+ Str-4 SInv}
 30308 | D:13     | Noticed a sphinx
 30315 | D:13     | Killed a sphinx
 31433 | D:13     | Found a gate to the Vaults.
 32088 | D:14     | Reached skill level 5 in Maces & Flails
 32088 | D:14     | Reached XP level 14. HP: 53/124 MP: 5/31
 34141 | D:14     | Found a hazy altar of Hepliaklqana.
 34728 | D:15     | Entered Level 15 of the Dungeon
 35619 | D:15     | Reached ****** piety under Ashenzari
 35890 | D:15     | Reached skill level 14 in Spellcasting
 37143 | D:15     | Found a staircase to the Depths.
 37930 | Orc:1    | Entered Level 1 of the Orcish Mines
 38120 | Orc:2    | Entered Level 2 of the Orcish Mines
 39570 | Orc:2    | Found a staircase to the Elven Halls.
 39782 | Orc:2    | Found Maucoist's Jewellery Boutique.
 40565 | Orc:2    | Found Elihaiceyt's General Store.
 40565 | Orc:2    | Found Coruqefa's Antique Armour Boutique.
 40568 | Orc:2    | Found Sofaithy's Distillery.
 40573 | Orc:2    | Found Maenukk's Magic Scroll Shop.
 40612 | Orc:2    | Bought the -2 hat of the Alchemist {rElec rPois rF+ rC+ rN+ MR+ rMut rCorr} for 991 gold pieces
 40635 | Orc:2    | Bought a potion of heal wounds for 80 gold pieces
 40635 | Orc:2    | Bought a potion of agility for 64 gold pieces
 40635 | Orc:2    | Bought a potion of might for 64 gold pieces
 40639 | Orc:2    | Bought a scroll of identify for 22 gold pieces
 40639 | Orc:2    | Bought a scroll of identify for 22 gold pieces
 40639 | Orc:2    | Bought a scroll of enchant armour for 82 gold pieces
 40776 | D:10     | Reached XP level 15. HP: 120/136 MP: 2/33
 41504 | Lair:4   | Reached skill level 15 in Spellcasting
 41766 | Lair:4   | Identified the Catalogue of Calling
 42435 | Lair:5   | Found an ancient bone altar of Kikubaaqudgha.
 43577 | Lair:6   | Entered Level 6 of the Lair of Beasts
 44162 | Lair:6   | Found a viscous altar of Jiyva.
 45593 | Lair:6   | Reached skill level 15 in Fighting
 46105 | Lair:6   | Found a staircase to the Slime Pits.
 46592 | Elf:1    | Entered Level 1 of the Elven Halls
 47388 | Elf:1    | Noticed a deep elf sorcerer
 47393 | Elf:1    | Killed a deep elf sorcerer
 47669 | Elf:1    | Reached XP level 16. HP: 149/149 MP: 0/35
 48195 | Elf:1    | Found Putag's Assorted Antiques.
 48594 | Elf:2    | Noticed Nikola
 50086 | Elf:2    | Killed Nikola
 50086 | Elf:2    | Reached skill level 10 in Dodging
 50511 | Elf:2    | Found a runed gate.
 50511 | Elf:2    | Found a runed gate.
 50511 | Elf:2    | Found a runed gate.
 51591 | Elf:2    | Reached skill level 16 in Spellcasting
 52853 | Elf:3    | Entered Level 3 of the Elven Halls
 52853 | Elf:3    | Noticed Bai Suzhen
 52985 | Elf:3    | Found Noptoabb's General Store.
 53636 | Elf:3    | Identified the ring "Uhusch" {rPois Int+3 Dex+4 Stlth-} (You took it off a deep elf high priest on level 3 of the Elven Halls)
 53636 | Elf:3    | Identified the +10 dagger "Akuutuo" {flame, rElec MR- Int-4 SInv} (You took it off a deep elf high priest on level 3 of the Elven Halls)
 53861 | Elf:3    | Reached XP level 17. HP: 158/158 MP: 15/37
 54837 | Elf:3    | Killed Bai Suzhen
 54837 | Elf:3    | Reached skill level 17 in Spellcasting
 55333 | Elf:3    | Noticed Roxanne
 56073 | Elf:3    | Noticed a deep elf blademaster
 56206 | Elf:3    | Killed a deep elf blademaster
 56725 | Elf:3    | Noticed a deep elf blademaster
 56896 | Elf:3    | Killed a deep elf blademaster
 56896 | Elf:3    | Reached skill level 18 in Spellcasting
 57249 | Elf:3    | Identified the ring "Wehocen" {+Fly Slay+5} (You took it off a deep elf archer on level 3 of the Elven Halls)
 57495 | Elf:3    | Noticed a deep elf master archer
 57506 | Elf:3    | Killed a deep elf master archer
 57536 | Elf:3    | Noticed Jorgrun
 57540 | Elf:3    | Killed Jorgrun
 58307 | Elf:3    | Noticed a deep elf master archer
 58311 | Elf:3    | Killed a deep elf master archer
 58341 | Elf:3    | Reached skill level 19 in Spellcasting
 58552 | Elf:3    | Reached XP level 18. HP: 166/166 MP: 27/41
 58575 | Elf:3    | Noticed an Ice Fiend
 58723 | Elf:3    | Noticed a Tzitzimitl
 58791 | Elf:3    | Cast into level 3 of the Abyss (a deep elf sorcerer)
 58902 | Abyss:3  | Noticed a lich
 59149 | Abyss:3  | Noticed a bone dragon
 59181 | Elf:3    | Escaped the Abyss
 59711 | Elf:3    | Identified the cursed +1 spear "Hewyen" {pierce, rC+ Dex+2 Stlth-}
 59714 | Elf:3    | Identified the Reference Book on Supportive Darkness
 59727 | Elf:3    | Learned a level 3 spell: Regeneration
 59864 | Elf:3    | Reached skill level 1 in Shields
 59987 | Elf:3    | Learned a level 8 spell: Controlled Blink
 60380 | D:11     | Bought a book of the Tempests for 700 gold pieces
 60391 | D:11     | Learned a level 9 spell: Tornado
 60522 | Spider:1 | Entered Level 1 of the Spider Nest
 61953 | Spider:1 | Reached skill level 5 in Air Magic
 65303 | Spider:2 | Noticed Frances
 65314 | Spider:2 | Killed Frances
 65575 | Spider:2 | Noticed Asterion
 66240 | Spider:2 | Killed Asterion
 66444 | Spider:2 | Noticed Azrael
 66453 | Spider:2 | Killed Azrael
 66776 | Spider:2 | Upgraded the game from 0.20-a0-390-g4892b34 to 0.20-a0-420-g83c570d
 67606 | Spider:3 | Gained mutation: Your flesh is heat resistant. (rF+) [potion of beneficial mutation]
 68456 | Spider:4 | Entered Level 4 of the Spider Nest
 68529 | Spider:4 | Reached XP level 19. HP: 58/177 MP: 6/42
 69599 | Spider:4 | Reached skill level 20 in Spellcasting
 72448 | Spider:4 | Got a gossamer rune of Zot
 74066 | Orc:2    | Bought a bread ration for 75 gold pieces
 74072 | Orc:2    | Bought 2 scrolls of brand weapon for 440 gold pieces
 74074 | Orc:2    | Bought a potion of beneficial mutation for 560 gold pieces
 74077 | Orc:2    | Gained mutation: You are agile. (Dex +2) [potion of beneficial mutation]
 74301 | Swamp:1  | Entered Level 1 of the Swamp
 75531 | Swamp:2  | Reached skill level 10 in Maces & Flails
 78499 | Swamp:4  | Entered Level 4 of the Swamp
 78502 | Swamp:3  | Upgraded the game from 0.20-a0-420-g83c570d to 0.20-a0-432-g25cc1b4
 78564 | Swamp:4  | Reached XP level 20. HP: 175/187 MP: 21/44
 79816 | Swamp:4  | Identified the +6 dagger "Gyczoxt" {flame, rF+}
 81877 | Swamp:4  | Got a decaying rune of Zot
 82390 | Elf:3    | Learned a level 6 spell: Conjure Ball Lightning
 82614 | Vaults:1 | Entered Level 1 of the Vaults
 82887 | Vaults:1 | Paralysed by an ogre mage for 4 turns
 83776 | Vaults:1 | Found Xod Valibrit's Book Shop.
 86003 | Vaults:2 | Reached XP level 21. HP: 194/195 MP: 27/45
 86084 | Vaults:2 | Reached skill level 10 in Air Magic
 86373 | Vaults:2 | Found Malemodo's Gadget Boutique.
 89114 | Vaults:3 | Identified the +5 mace "Qemelu" {crush, Dex+2}
 89115 | Vaults:3 | Found a staircase to the Crypt.
 90850 | Vaults:3 | Reached skill level 15 in Air Magic
 91056 | Vaults:3 | Reached XP level 22. HP: 107/203 MP: 8/46
 92233 | Vaults:4 | Found Fyshuock's Distillery.
 92250 | Vaults:4 | Bought a potion of beneficial mutation for 455 gold pieces
 92250 | Vaults:4 | Gained mutation: Your muscles are strong. (Str +2) [potion of beneficial mutation]
 92318 | Vaults:4 | Found Gem Neni's Jewellery Shoppe.
 92755 | Vaults:4 | Found Fohech's Magic Scroll Emporium.
 93562 | Vaults:4 | Reached skill level 21 in Spellcasting
 93965 | Vaults:4 | Noticed Margery
 93986 | Vaults:4 | Killed Margery
 94458 | Vaults:5 | Entered Level 5 of the Vaults
 94872 | Vaults:5 | Noticed a golden dragon
 94879 | Vaults:5 | Killed a golden dragon
 94881 | Vaults:5 | Reached XP level 23. HP: 208/211 MP: 39/48
 95211 | Vaults:5 | Noticed an ancient lich
 95225 | Vaults:5 | Killed an ancient lich
 95507 | Vaults:5 | Found Zeb Risu's Antique Weapon Shoppe.
 96073 | Vaults:5 | Reached skill level 15 in Dodging
 96107 | Vaults:5 | Identified the cursed ring "Baolicer" {AC-5 Dex+4 SInv Stlth+} (You took it off a vault sentinel on level 5 of the Vaults)
 97535 | Vaults:5 | Upgraded the game from 0.20-a0-432-g25cc1b4 to 0.20-a0-433-g9e36e56
 97545 | Vaults:5 | Identified the +7 mace of Exhibitionism {drain, *Contam Str+4 Dex+5 SInv} (You took it off a deep elf high priest on level 5 of the Vaults)
 97779 | Vaults:5 | Got a silver rune of Zot
 98010 | Vaults:5 | Identified the +8 whip "Xaesoxo" {venom, Fragile rElec Dex+7 SInv} (You took it off a deep elf archer on level 5 of the Vaults)
 98975 | Vaults:5 | Reached XP level 24. HP: 183/224 MP: 39/48
 98989 | Vaults:5 | Identified the +5 triple crossbow of Contradiction {venom, Int+4} (You took it off a vault warden on level 5 of the Vaults)
 99913 | Vaults:5 | Identified the +4 arbalest "Efairhu" {elec, rElec Int+4} (You took it off a vault sentinel on level 5 of the Vaults)
100801 | Depths:1 | Entered Level 1 of the Depths
100873 | Depths:1 | Found Kokhaff's Elemental Accessories.
100918 | Depths:1 | Found Zoteph's Book Boutique.
101154 | Depths:1 | Found Zavuwet's Magic Scroll Boutique.
101276 | Depths:1 | Identified the +2 helmet "Iwkar" {rF+ Str+3 Int+2 Slay-5}
101303 | Depths:1 | Found a gateway to Hell.
101369 | Depths:1 | Found Bythraqoum's Assorted Antiques.
101454 | Depths:1 | Bought a scintillating iron ring for 190 gold pieces
101454 | Depths:1 | Identified the ring "Xonod" {rN+ AC+3 Str+2 Dex+4} (You bought it in a shop on level 1 of the Depths)
101522 | Depths:1 | Found Wisynukk's Weapon Shop.
101546 | Depths:1 | Identified Gufaddee's Tome of Fire
102044 | Depths:1 | Identified the Almanac of Darkness
102229 | Depths:1 | Reached skill level 22 in Spellcasting
102339 | Depths:1 | Found Qeym Daro's Antique Armour Shoppe.
103087 | Depths:2 | Paralysed by a floating eye for 2 turns
103517 | Depths:2 | Noticed Mara
103526 | Depths:2 | Noticed junb69's illusion
103533 | Depths:2 | Killed Mara
103876 | Depths:2 | Found an iron altar of Okawaru.
104572 | Depths:2 | Found a one-way gate to the infinite horrors of the Abyss.
104641 | Depths:3 | Paralysed by a floating eye for 3 turns
104643 | Depths:3 | HP: 8/228 [spriggan rider/spear of flaming (17)]
104643 | Depths:3 | Mangled by a spriggan rider

Vault maps used:
D:1:      scummos_arrival_star, nemelex_altar_shiori
D:2:      first_bread
D:4:      serial_shops, shop, minmay_misc_feat_cross
D:5:      uniq_duvessa
D:7:      led_sif_book
D:8:      uniq_grum
D:9:      kennysheep_blocky_hall
D:10:     dpeg_lair_monsters, orc_0_dummy, basic_altar, serial_co_window_serial,
          co_window_of_opportunity_a, co_window_corner_a, co_window_corner_a,
          co_window_paths_b, co_window_of_opportunity_a,
          co_window_unsneaky_path_e, co_window_unsneaky_path_a,
          co_window_corner_b, co_window_paths_e, glass_columns_a,
          glass_columns_b, glass_columns_a, glass_columns_a, glass_columns_c
D:11:     serial_shops, shop_fountains, blue_anna_alchemist,
          hangedman_decor_growths
D:12:     guppyfry_shop_venom, uniq_snorg
D:13:     david_vaults_5, portal_ice_cave_entry_ice_beasts, minmay_three_doors
D:14:     columned_hall_lemuel, basic_altar, minivault_25
D:15:     gammafunk_enter_depths_forms, hangedman_abyss_or_decor_passed,
          hex_large
Temple:   grunt_wide_crystal_templ
Lair:1:   beast_lair_carwin_1, infiniplex_staircase_pool_2
Lair:2:   dpeg_oklob_gauntlet, st_stairs_3, infiniplex_staircase_pool
Lair:3:   uniq_urug
Lair:4:   swamp_mist, nicolae_spider_entry_non_spiders,
          cheibrodos_lair_reptile_den, minmay_lair_oklob_chamber,
          grunt_megastairs_3
Lair:5:   basic_altar, eino_house_with_fridge
Lair:6:   evilmike_catoblepas_cave, slime_altar_1, grunt_forest_large_clearings
Swamp:1:  serial_swamp_ruin, evilmike_swamp_ruin_house_3,
          evilmike_swamp_ruin_wall
Swamp:2:  evilmike_swamp_ruin_house_6, swamp_pool1
Swamp:3:  nicolae_swamp_treefoil, swamp_pool2, hangedman_swamp_lotus
Swamp:4:  swamp_vile
Spider:2: uniq_azrael, uniq_frances, uniq_asterion
Spider:3: spider_trap
Spider:4: spider_rune_water, spider_trap, zaba_anthell
Orc:2:    st_orc_mages, serial_shops, shop
Elf:1:    eino_elf_arrival_sip, serial_shops, nicolae_shop_trees,
          hangedman_elf_represent
Elf:2:    uniq_nikola
Elf:3:    nooodl_elf_gasket, serial_corexii_hall, corexii_hall_statues_t,
          corexii_hall_statues_deadend, serial_shops, shop_statue,
          basic_stair_grate_trap, uniq_jorgrun, uniq_roxanne, uniq_bai_suzhen
Vaults:1: vaults_dpeg_hooks, v_alt_pattern_6, nicolae_vaults_triangles,
          nicolae_vaults_mini_display_case, hangedman_vaults_corner_blocks,
          v_rooms_4, v_pattern_3, grunt_vaults_diagonal, hangedman_vaults_snaps,
          ontoclasm_vaults_idyll, serial_shops, shop
Vaults:2: v_misc_9, ontoclasm_vaults_bender, v_rooms_3, v_rooms_5,
          vaults_room_fours, ontoclasm_vaults_shuriken, v_pattern_2,
          hangedman_vaults_maws, st_lines, ontoclasm_vaults_twist, serial_shops,
          shop_statue
Vaults:3: ontoclasm_vaults_ring_square, nicolae_vaults_network_periphery,
          v_misc_16, vaults_room_grunt_arrival_ludios, v_pattern_1,
          nicolae_vaults_twisting_passages, grunt_vaults_swirl,
          minmay_crypt_entry_simple_box, v_misc_2, vaults_dpeg_encased_lava
Vaults:4: vaults_room_semicircle, v_pattern_4, nicolae_vaults_hallways_thing,
          vaults_mumra_lcd, nicolae_vaults_little_squares_6, vaults_room_fours,
          hangedman_vaults_restitches, nicolae_vaults_quartermaster,
          ontoclasm_vaults_hangar, vaults_mumra_hexcomb, ontoclasm_vaults_chip,
          serial_shops, nicolae_shop_trees, shop, nicolae_shop_waterfront,
          uniq_margery
Depths:1: grunt_mini_vestibule, special_room, serial_shops, shop, shop, shop,
          nicolae_shop_statue_plus, nicolae_shop_waterfront,
          nicolae_elemental_shop
Depths:2: evilmike_iron_armoury, abyss_entry, hell_entry, firewood_loft,
          infiniplex_staircase_squiggle, uniq_mara
Depths:3: kennysheep_funnel, kennysheep_decorative_pillar,
          hangedman_tar_grid_catacomb, grunt_pan_entry_spiral,
          kennysheep_diamond, nemelex_diamond_rough_becter
IceCv:    ice_cave_small_necro

Skill      XL: |  1  2  3  4  5  6  7  8  9 10 11 12 13 14 15 16 17 18 19 20 21 22 23 24 |
---------------+-------------------------------------------------------------------------+-----
Spellcasting   | 3 4 5 6 7 9 10 11 13 14 15 16 19 20 21 22 | 22.4
Ice Magic      | 4 5 6 7 10 14 | 14.2
Conjurations   | 2 4 6 |  6.9
Fighting       | 5 8 10 11 13 15 16 17 18 20 21 | 21.1
Maces & Flails | 3 4 5 6 9 11 12 | 12.0
Charms         | 5 |  5.0
Dodging        | 2 6 7 8 9 10 11 12 13 14 15 16 | 16.2
Air Magic      | 1 3 5 9 15 17 18 19 | 19.3
Stealth        | 4 |  4.3
Shields        | 2 |  2.6

Action                   |  1- 3 |  4- 6 |  7- 9 | 10-12 | 13-15 | 16-18 | 19-21 | 22-24 || total
-------------------------+-------+-------+-------+-------+-------+-------+-------+-------++-------
Melee: Unarmed           |    12 |       |       |       |       |       |       |       ||    12
       Whip              |    52 |   113 |   191 |   374 |   563 |   351 |   286 |       ||  1930
       Tailslap          |     6 |    10 |    16 |    42 |    66 |    38 |   159 |   190 ||   527
       Morningstar       |       |       |       |       |       |       |   751 |   929 ||  1680
 Cast: Freeze            |    36 |    20 |    63 |   135 |    30 |     2 |       |       ||   286
       Ozocubu's Armour  |       |     6 |    13 |    28 |    41 |    27 |    36 |    37 ||   188
       Throw Icicle      |       |     5 |    47 |   164 |   363 |   401 |   341 |   238 ||  1559
       Magic Dart        |       |       |    16 |   102 |   257 |   132 |   255 |     2 ||   764
       Iskenderun's Batt |       |       |       |    51 |    84 |    83 |    83 |    33 ||   334
       Freezing Cloud    |       |       |       |       |    74 |   137 |   187 |    87 ||   485
       Deflect Missiles  |       |       |       |       |     4 |     5 |     5 |     7 ||    21
       Conjure Ball Ligh |       |       |       |       |       |       |    12 |     6 ||    18
       Tornado           |       |       |       |       |       |       |       |    16 ||    16
Invok: Curse Item        |       |     2 |     3 |     1 |     3 |     3 |     1 |     1 ||    14
       Scrying           |       |       |       |       |     1 |       |       |       ||     1
  Use: Scroll            |       |     6 |     7 |    11 |    12 |    11 |    12 |     9 ||    68
       Potion            |       |       |       |     3 |     1 |     5 |     1 |     2 ||    12
 Stab: Sleeping          |       |       |     1 |       |     1 |       |     4 |     2 ||     8
       Distracted        |       |       |       |     1 |       |     1 |     2 |       ||     4
  Eat: Chunk             |     2 |     9 |    15 |    45 |    65 |    30 |    38 |    36 ||   240
       Fruit             |     1 |     4 |     4 |       |    32 |     7 |     3 |     7 ||    58
       Bread ration      |       |       |     1 |     2 |     1 |     5 |     3 |     1 ||    13
       Royal jelly       |       |       |       |     3 |     1 |     1 |     1 |       ||     6
       Pizza             |       |       |       |     1 |     1 |     1 |       |     3 ||     6
       Beef jerky        |       |       |       |     2 |       |     3 |     4 |       ||     9
       Meat ration       |       |       |       |       |       |     2 |     2 |       ||     4
Armor: Skin              |    34 |    43 |    94 |   206 |   246 |   153 |   227 |   182 ||  1185
Dodge: Dodged            |    71 |   111 |   139 |   403 |   656 |   444 |   953 |   998 ||  3775
       Deflected         |       |       |       |       |    17 |    50 |    41 |    83 ||   191
Block: Other             |       |       |       |       |    59 |    11 |       |       ||    70
       Reflection        |       |       |       |       |     3 |     5 |    51 |    50 ||   109
       Buckler           |       |       |       |       |       |   159 |   596 |   519 ||  1274
